 Dungeon Crawl Stone Soup version 0.28.0-53-g5a82cb258f (webtiles) character file.

Game seed: 16272259700746436567

39 markt42 the Covered (level 3, 0/23 HPs)
             Began as a Gargoyle Fighter on June 6, 2022.
             Slain by an adder (1 damage)
             ... on level 2 of the Dungeon.
             The game lasted 00:01:53 (1167 turns).

markt42 the Covered (Gargoyle Fighter)              Turns: 1167, Time: 00:01:53

Health: 0/23       AC: 10    Str: 19    XL:     3   Next: 45%
Magic:  3/3        EV:  9    Int:  4    God:
Gold:   101        SH:  4    Dex: 11    Spells: 2/2 levels left

rFire   . . .      SeeInvis .   a - +0 flail
rCold   . . .      Faith    .   c - +0 buckler
rNeg    + . .      Spirit   .   b - +0 scale mail
rPois   ∞          Reflect  .   (no helmet)
rElec   +          Harm     .   (no cloak)
rCorr   .          Rampage  .   (no gloves)
Will    .....                   (no boots)
Stlth   ..........              (no amulet)
HPRegen 0.07/turn               (no ring)
MPRegen 0.08/turn               (no ring)

@: mighty, attractive
A: sickness immunity, AC +3, negative energy resistance 1, electricity
resistance, torment resistance 1, petrification resistance, dopey 2
a: no special abilities


You were on level 2 of the Dungeon.
You visited 1 branch of the dungeon, and saw 2 of its levels.

You collected 101 gold pieces.

Inventory:

Hand Weapons
 a - a +0 flail (weapon)
Armour
 b - a +0 scale mail (worn)
 c - a +0 buckler (worn)
Scrolls
 f - a scroll of enchant weapon {unknown}
 g - a scroll of teleportation {unknown}
 h - a scroll of identify {unknown}
Potions
 d - a potion of might


   Skills:
 + Level 3.4 Fighting
 * Level 2.6 Maces & Flails
 * Level 3.8 Armour
 + Level 0.2 Dodging
 * Level 3.6 Shields


You had 2 spell levels left.
You didn't know any spells.
Your spell library was empty.

Dungeon Overview and Level Annotations

Branches:
Dungeon (2/15)

Altars:


Innate Abilities, Weirdness & Mutations

You are immune to sickness and miasma.
Your stone body is resilient. (AC +3)
You are immune to poison.
You resist negative energy. (rN+)
You are resistant to electric shocks. (rElec)
You are resistant to unholy torment.
You are immune to petrification.
You are very dopey. (Int -4)


Message History

The frilled lizard bites you but does no damage.
The hobgoblin hits you. The bat hits you.
You are too injured to fight recklessly!
You are too injured to fight recklessly!
You are too injured to fight recklessly!
You are too injured to fight recklessly!
You barely miss the frilled lizard. The bat hits you but does no damage.
The frilled lizard bites you. The hobgoblin closely misses you.
The bat hits you but does no damage.
You thump the frilled lizard!
You kill the frilled lizard!
You block the bat's attack. The bat hits you. The hobgoblin hits you.
* * * LOW HITPOINT WARNING * * *
You hit the hobgoblin.
The hobgoblin is severely wounded.
You block the bat's attack. The bat hits you but does no damage.
The hobgoblin hits you.
* * * LOW HITPOINT WARNING * * *
The bat hits you but does no damage.
The hobgoblin hits you but does no damage.
You closely miss the hobgoblin.
The hobgoblin is severely wounded.
The bat barely misses you. The bat hits you but does no damage.
The hobgoblin closely misses you.
You sock the hobgoblin!
You kill the hobgoblin!
The bat hits you.
* * * LOW HITPOINT WARNING * * *
You block the bat's attack. The bat closely misses you.
The ball python is attracted toward you.
Unknown command.
You barely miss the adder. The bat barely misses you. The adder bites you.
* * * LOW HITPOINT WARNING * * *
The bat closely misses you. The adder barely misses you.
You miss the adder. The bat hits you but does no damage.
The bat barely misses you. The adder bites you but does no damage.
You barely miss the adder. You block the bat's attack.
The bat hits you but does no damage. The adder bites you but does no damage.
You block the bat's attack. The adder bites you.
You die...

....##..............
#.....>...........
###.#.##..........
#....##..........
#....#..............
..## #....####...###
####....# ......
#bSS....##.......
#@#.........#
#.....#S.###....#
#............ ....#
.........>.##...#...
#.##..#....# .....#.
. #.#...#.. .......
.......... .......
....#.......


You could see an adder, a bat and a ball python.

Vanquished Creatures
  A dart slug (D:1)
  3 bats (D:1)
  3 endoplasms (D:1)
  2 goblins (D:1)
  6 hobgoblins
  3 jackals (D:1)
  2 quokkas (D:1)
  3 ball pythons (D:1)
  5 frilled lizards
  A kobold (D:1)
  4 rats (D:1)
33 creatures vanquished.

Notes
Turn   | Place    | Note
-------+----------+-------------------------------------------
     0 | D:1      | markt42 the Gargoyle Fighter began the quest for the Orb.
     0 | D:1      | Reached XP level 1. HP: 14/14 MP: 1/1
   113 | D:1      | Found a faded altar of an unknown god.
   127 | D:1      | Reached XP level 2. HP: 17/19 MP: 2/2
   577 | D:1      | Reached XP level 3. HP: 23/23 MP: 3/3
  1157 | D:2      | Gained mutation: You are dopey. (Int -2) [potion of
                  | mutation]
  1157 | D:2      | Gained mutation: You are very dopey. (Int -4) [potion of
                  | mutation]
  1164 | D:2      | HP: 1/23 [bat (1)]
  1167 | D:2      | Slain by an adder

Illustrated notes

Levels and vault maps discovered:
D:1:      nicolae_arrival_washed_ashore, layout_loops_ring,
          shapermc_ecumenical_altar_acropolis, st_stairs_2, minmay_octomino_j4
D:2:      layout_rooms

Action                   || total
-------------------------++-------
Melee: Flail             ||   101
  Use: Potion            ||     3
Armor: Scale mail        ||    97
Dodge: Dodged            ||    91
Block: Buckler           ||    34
